 Dungeon Crawl Stone Soup version 0.22.0 (webtiles) character file.

501 Lilu the Destroyer (level 6, -1/32 HPs)
             Began as a Deep Elf Conjurer on Aug 10, 2018.
             Slain by a mummy (2 damage)
             ... in an ossuary.
             The game lasted 00:17:26 (4578 turns).

Lilu the Destroyer (Deep Elf Conjurer)              Turns: 4578, Time: 00:17:26

Health: -1/32      AC:  2    Str:  7    XL:     6   Next: 95%
Magic:  8/16       EV: 13    Int: 20    God:
Gold:   230        SH:  0    Dex: 15    Spells: 9/16 levels left

rFire    . . .     SeeInvis .   t - +0 scimitar (slice)
rCold    . . .     Gourm    .   (no shield)
rNeg     . . .     Faith    .   a - +0 robe
rPois    .         Spirit   .   (no helmet)
rElec    .         Reflect  .   (no cloak)
rCorr    .         Harm     .   (no gloves)
MR       .....                  (no boots)
Stlth    ++........             (no amulet)
HPRegen  0.10/turn              (no ring)
MPRegen  0.15/turn              (no ring)

@: marked
A: no striking features
a: no special abilities


You were in an ossuary.
You were not hungry.

You visited 1 branch of the dungeon, and saw 5 of its levels.
You also visited: Ossuary.

You collected 230 gold pieces.

Inventory:

Hand Weapons
 r - a +1 falchion of freezing
 t - a +0 scimitar of slicing (weapon)
Armour
 a - a +0 robe (worn)
 g - a +0 buckler
 s - a +0 crystal plate armour
Jewellery
 q - an uncursed amulet of magic regeneration {unknown}
Wands
 b - a wand of disintegration (11)
Scrolls
 e - 2 scrolls of amnesia {unknown}
 f - 6 scrolls of identify {unknown}
 k - 2 scrolls of remove curse {unknown}
 l - 2 scrolls of immolation {unknown}
 o - 2 scrolls of teleportation {unknown}
Potions
 d - a potion of cancellation {unknown}
 i - 2 potions of haste {unknown}
 j - 2 potions of flight {unknown}
 m - a potion of berserk rage {unknown}
 n - a potion of heal wounds {unknown}
 p - 3 potions of mutation {unknown}
 u - 2 potions of degeneration {unknown}
 v - a potion of curing {unknown}
Comestibles
 c - 9 rations


   Skills:
 - Level 2.4 Dodging
 - Level 2.4 Stealth
 + Level 5.5 Spellcasting
 - Level 8.3 Conjurations


You had 9 spell levels left.
You knew the following spells:

 Your Spells              Type           Power        Failure   Level  Hunger
a - Magic Dart            Conj           ####         1%          1    None
b - Searing Ray           Conj           #####.       1%          2    None
c - Iskenderun's Mystic   Conj           #####...     3%          4    ####...

Your spell library contained the following spells:

 Spells                   Type           Power        Failure   Level  Hunger
 Fulminant Prism          Conj/Hex       ###.......   21%         4    ####...
 Dazzling Spray           Conj/Hex       ###...       6%          3    ##.....
 Force Lance              Conj/Tloc      ###.....     21%         4    ####...


Dungeon Overview and Level Annotations

Branches:
Dungeon (5/15)
 Temple: D:4-7

Altars:
Fedhas
Beogh

Annotations:
D:3 3 runed doors, abbott299's ghost, amateur OpTm


Message History

The searing ray hits the mummy.
You destroy the mummy!
The searing ray hits the mummy.
You destroy the mummy!
You finish channeling your searing ray.
Casting: Searing Ray (safe; 1% risk of failure)
Confirm with . or Enter, or press ? or * to list all spells.
Aiming: Searing Ray (safe; 1% risk of failure)
Press: ? - help, Shift-Dir - straight line, f - mummy
Aim: a mummy The searing ray hits the mummy.
The mummy is moderately damaged. (Press . to maintain the ray.)
The searing ray hits the mummy.
The mummy is heavily damaged.
All of the chunks of flesh in your inventory have rotted away.
The searing ray hits the mummy.
The mummy is almost destroyed.
The mummy hits you.
You die...

#..###.......##
+...#.........#
#...'....⌠....+
+...#.........#
#..###.......##
+.## ##.....##
#.# ###'###
##.## #M# #!.?#
##@## #!!?#
#.∩.# #####
#.∩.# #####


You could see a mummy.

Vanquished Creatures
  A crimson imp (D:5)
  A jelly (D:5)
  A hound (D:4)
  A centaur skeleton (D:4)
  2 orc wizards
  2 iguanas (D:5)
  3 worker ants (D:4)
  3 mummies (Ossuary)
  5 adders
  An ooze (D:1)
  2 worms
  A dart slug (D:2)
  6 leopard geckos
  6 orcs (D:4)
  3 giant cockroaches
  13 goblins
  9 hobgoblins
  8 jackals
  A quokka (D:3)
  8 bats
  11 frilled lizards
  9 kobolds
  11 rats
108 creatures vanquished.

Notes
Turn   | Place    | Note
-------+----------+-------------------------------------------
     0 | D:1      | Lilu the Deep Elf Conjurer began the quest for the Orb.
     0 | D:1      | Reached XP level 1. HP: 10/10 MP: 6/6
   110 | D:1      | Reached XP level 2. HP: 15/15 MP: 0/8
   119 | D:1      | Learned a level 2 spell: Searing Ray
   188 | D:1      | Reached skill level 5 in Conjurations
   476 | D:1      | Reached XP level 3. HP: 19/19 MP: 5/9
  1367 | D:2      | Reached skill level 6 in Conjurations
  1593 | D:2      | Reached XP level 4. HP: 24/24 MP: 7/10
  1601 | D:2      | Learned a level 4 spell: Iskenderun's Mystic Blast
  2758 | D:3      | Found a runed gate.
  2758 | D:3      | Found a runed gate.
  2758 | D:3      | Found a runed gate.
  2935 | D:3      | Noticed abbott299's ghost (amateur OpTm)
  2937 | D:3      | Found a roughly hewn altar of Beogh.
  3085 | D:4      | Reached skill level 7 in Conjurations
  3085 | D:4      | Reached XP level 5. HP: 28/28 MP: 5/11
  3631 | D:4      | Reached skill level 8 in Conjurations
  3631 | D:4      | Reached XP level 6. HP: 32/32 MP: 10/12
  4093 | D:5      | Entered Level 5 of the Dungeon
  4179 | D:5      | Found a blossoming altar of Fedhas.
  4202 | D:5      | Noticed an orc warrior
  4348 | D:5      | Reached skill level 5 in Spellcasting
  4363 | D:5      | Found a sand-covered staircase.
  4493 | Ossuary  | Entered an ossuary
  4573 | Ossuary  | HP: 1/32 [mummy (18)]
  4578 | Ossuary  | Slain by a mummy

Skill      XL: |  1  2  3  4  5  6 |
---------------+-------------------+-----
Conjurations   | 5 6 7 8 |  8.3
Spellcasting   | 5 |  5.5
Dodging        | |  2.4
Stealth        | |  2.4

Action                   |  1- 3 |  4- 6 || total
-------------------------+-------+-------++-------
Melee: Dagger            |     3 |     1 ||     4
       Scimitar          |       |    26 ||    26
 Cast: Magic Dart        |    81 |    67 ||   148
       Searing Ray       |     3 |    14 ||    17
  Eat: Chunk             |     2 |     9 ||    11
Armor: Robe              |     2 |     2 ||     4
Dodge: Dodged            |    15 |    44 ||    59
       Rpst.: Scimitar   |       |    13 ||    13
